 Dungeon Sprint DCSS version 0.21.1-1-g345015f (webtiles) character file.

473 lydgate the Basher (level 6, -7/68 HPs)
             Began as a Minotaur Berserker on Feb 11, 2018.
             Was a Believer of Trog.
             Shot with an arrow by a centaur warrior (13 damage)
             ... in the Dungeon (Sprint I: "Red Sonja").
             The game lasted 00:04:13 (492 turns).

lydgate the Basher (Minotaur Berserker)              Turns: 492, Time: 00:04:13

Health: -7/68      AC: 10    Str: 22    XL:     6   Next: 84%
Magic:  5/5        EV: 10    Int:  4    God:    Trog [**....]
Gold:   179        SH:  0    Dex: 11    Spells: 5/5 levels left

rFire    . . .     SeeInvis .   a - +0 mace
rCold    . . .     Gourm    .   (no shield)
rNeg     . . .     Faith    .   j - +0 chain mail
rPois    .         Spirit   .   (helmet restricted)
rElec    .         Reflect  .   (no cloak)
rCorr    .         Harm     .   (no gloves)
MR       ++...     NoTele   +   (no boots)
Stlth    ..........             (no amulet)
HPRegen  1.21/turn              (no ring)
MPRegen  0.09/turn              (no ring)

@: berserk cooldown, regenerating, slowed, very slow
A: retaliatory headbutt, horns 2
a: Berserk, Trog's Hand, Burn Spellbooks, Renounce Religion


You were in the Dungeon.
You worshipped Trog.
Trog was pleased with you.
You were very hungry.

You visited 1 branch You collected 179 gold pieces.

Inventory:

Hand Weapons
 a - a +0 mace (weapon)
Armour
 j - a +0 chain mail (worn)
Scrolls
 b - a scroll of magic mapping {unknown}
 i - a scroll of blinking
Potions
 d - a potion of curing
 e - a potion of heal wounds
 f - a potion of haste
 g - 2 potions of magic
 h - a potion of berserk rage
 l - a potion of agility {unknown}
Comestibles
 c - a ration


   Skills:
 + Level 11.3 Fighting
 + Level 11.6 Maces & Flails
 + Level 6.0 Armour
 + Level 5.4 Dodging


You had 5 spell levels left.
You didn't know any spells.

Dungeon Overview and Level Annotations

Branches:
Dungeon (1/1)

Altars:
Makhleb
Sif Muna
Vehumet
Wu Jian
Xom
Jiyva
Lugonu


Innate Abilities, Weirdness & Mutations

You reflexively headbutt those who attack you in melee.
You have a pair of horns on your head.


Message History

You feel a strong urge to attack something.
The centaur warrior wields a runed longbow.
The centaur warrior shoots an arrow.
The arrow hits you!
* * * LOW HITPOINT WARNING * * *
You hear a splash.
The centaur warrior hits you.
* * * LOW HITPOINT WARNING * * *
The centaur warrior hits you but does no damage.
The centaur warrior shoots an arrow.
The arrow hits you!!
* * * LOW HITPOINT WARNING * * *
You hear a splash.
You see here 2 arrows.
You are no longer berserk.
You are exhausted.
You feel yourself slow down.
The centaur warrior wields a longbow.
The centaur warrior shoots an arrow.
The arrow completely misses you.
You hear a splash.
You see here an arrow.
The centaur warrior shoots an arrow.
The arrow hits you!
You die...

###################
#<.#..)..#.['..#__#
#..'[.#..'..#..'..+
#..#####'#####'#__####
#..# #..# #.####§§#
#..# #### ##.#§§§§§#
#..# #+#_.@§c§§§+ #⌠⌠#
+...§#(§c.§# ####
#_.#'##+#### ##+#.#
###


You could see 2 centaur warriors.

Vanquished Creatures
  A slime creature (D)
  Sigmund (D)
  An ogre (D)
  A jelly (D)
  Ijyb (D)
5 creatures vanquished.

Notes
Turn   | Place    | Note
-------+----------+-------------------------------------------
     0 | D        | lydgate the Minotaur Berserker began the quest for the Orb.
     0 | D        | Reached XP level 1. HP: 19/19 MP: 0/0
     1 | D        | Noticed Ijyb
     7 | D        | Killed Ijyb
     7 | D        | Reached skill level 5 in Fighting
     7 | D        | Reached skill level 5 in Maces & Flails
     7 | D        | Reached XP level 2. HP: 30/30 MP: 1/1
    66 | D        | Noticed an ogre
    68 | D        | Killed an ogre
    68 | D        | Reached XP level 3. HP: 40/40 MP: 2/2
    68 | D        | Reached XP level 4. HP: 48/48 MP: 3/3
    97 | D        | Noticed Sigmund
   104 | D        | Killed Sigmund
   104 | D        | Reached ** piety under Trog
   104 | D        | Reached skill level 10 in Maces & Flails
   104 | D        | Reached skill level 5 in Armour
   104 | D        | Reached XP level 5. HP: 58/58 MP: 4/4
   178 | D        | Found a burning altar of Makhleb.
   178 | D        | Found a viscous altar of Jiyva.
   178 | D        | Found a shimmering altar of Xom.
   178 | D        | Found a corrupted altar of Lugonu.
   178 | D        | Noticed a slime creature
   183 | D        | Killed a slime creature
   183 | D        | Reached skill level 5 in Dodging
   183 | D        | Reached XP level 6. HP: 68/68 MP: 5/5
   236 | D        | Found an ornate altar of the Wu Jian Council.
   236 | D        | Found a deep blue altar of Sif Muna.
   238 | D        | Found a radiant altar of Vehumet.
   263 | D        | Noticed a centaur warrior
   272 | D        | Noticed a centaur warrior
   490 | D        | HP: 4/102 [centaur warrior/arrow (19)]
   492 | D        | Shot with an arrow by a centaur warrior

Skill      XL: |  1  2  3  4  5  6 |
---------------+-------------------+-----
Fighting       | 5 7 9 11 | 11.3
Maces & Flails | 5 7 10 11 | 11.6
Armour         | 3 4 5 6 |  6.0
Dodging        | 3 4 5 |  5.4

Action                   |  1- 3 |  4- 6 || total
-------------------------+-------+-------++-------
Melee: Mace              |     5 |    15 ||    20
       Headbutt          |     2 |     9 ||    11
Invok: Berserk           |     2 |     3 ||     5
       Trog's Hand       |       |     1 ||     1
  Eat: Chunk             |       |     2 ||     2
Armor: Chain mail        |       |     7 ||     7
Dodge: Dodged            |     4 |    12 ||    16
